 Dungeon Crawl Stone Soup version 0.30-a0-718-geaa24f58ff (webtiles) character file.

Game seed: 12056831204190144813

10831 demibob the Basher (level 11, -4/81 HPs)
             Began as a Demonspawn Gladiator on Jan 26, 2023.
             Was a Believer of Makhleb.
             Killed from afar by a molten gargoyle (17 damage)
             ... with a bolt of magma
             ... on level 10 of the Dungeon.
             The game lasted 00:19:28 (9647 turns).

demibob the Basher (Demonspawn Gladiator)           Turns: 9647, Time: 00:19:29

Health: -4/81      AC:  9    Str: 17    XL:     11   Next: 41%
Magic:  11/11      EV: 10    Int: 17    God:    Makhleb [**....]
Gold:   647        SH:  0    Dex: 15    Spells: 10/10 levels left

rFire   . . .      SeeInvis +    a - +6 shillelagh "Devastator" {shatter}
rCold   . . .      Faith    .    (no shield)
rNeg    . . .      Spirit   .    p - +1 scale mail {rPois}
rPois   +          Reflect  .    (helmet restricted)
rElec   .          Harm     .    z - scarf {repulsion}
rCorr   .          Rampage  .    q - +0 pair of gloves
Will    .....                    (no boots) Stlth
                                 o - amulet of magic regeneration
HPRegen 0.33/turn                I - +6 ring of intelligence
MPRegen 0.52/turn                v - ring of see invisible

@: repel missiles
A: antennae 2, foul stench 1, icemail 1, condensation shield, weakness stinger 2
a: Renounce Religion, Minor Destruction


You were on level 10 of the Dungeon.
You worshipped Makhleb.
Makhleb was pleased with you.
You visited 2 branches of the dungeon, and saw 11 of its levels.
You also visited: Ossuary.

You collected 647 gold pieces.


Innate Abilities, Weirdness & Mutations

You have a pair of antennae on your head.
You may rarely emit foul miasma when damaged in melee.
A meltable icy envelope protects you from harm. (AC +0)
A meltable shield of frost defends you. (SH +0)
You have a tail ending in a sharp stinger.


   Skills:
 + Level 6.3 Fighting
 - Level 13.3(14.0) Maces & Flails
 - Level 6.6(10.9) Staves
 - Level 1.7 Throwing
 + Level 5.3 Armour
 - Level 2.6 Dodging


You had 10 spell levels left.
You didn't know any spells.
Your spell library contained the following spells:

 Spells                   Type           Power      Damage    Failure   Level
 Magic Dart               Conj           0%         1d3       58%         1
 Necrotise                Necr           0%         1d4       58%         1
 Call Imp                 Summ           0%         N/A       73%         2
 Cigotuvi's Dreadful Rot  Necr/Pois/Air  0%         N/A       73%         2
 Poisonous Vapours        Pois/Air       0%         N/A       73%         2
 Sublimation of Blood     Necr           0%         N/A       73%         2
 Wereblood                Tmut           0%         N/A       73%         2
 Hailstorm                Conj/Ice       0%         3d3       91%         3
 Mephitic Cloud           Conj/Pois/Air  0%         N/A       91%         3
 Vampiric Draining        Necr           0%         2d6       91%         3
 Ice Form                 Ice/Tmut       0%         N/A       100%        4
 Agony                    Necr           0%         N/A       100%        5
 Simulacrum               Ice/Necr       0%         N/A       100%        6
 Malign Gateway           Summ/Tloc      0%         N/A       100%        7
 Summon Hydra             Summ           0%         N/A       100%        7
 Summon Horrible Things   Summ           0%         N/A       100%        8

Inventory:

Hand Weapons
 a - the +6 shillelagh "Devastator" (weapon) {shatter}
   (You found it on level 4 of the Dungeon)
 m - a +0 spectral quarterstaff
Missiles
 d - 3 throwing nets (quivered) {=f}
 e - a javelin
Armour
 k - a +2 scale mail of willpower
 l - a +2 cloak
 p - a +1 scale mail of poison resistance (worn)
 q - a +0 pair of gloves (worn)
 z - a scarf of repulsion (worn)
Jewellery
 o - an amulet of magic regeneration (around neck)
 v - a ring of see invisible (right hand)
 I - a +6 ring of intelligence (left hand)
Wands
 j - a wand of flame (91)
 s - a wand of paralysis (1)
 x - a wand of digging (6)
 D - a wand of roots (20)
 F - a wand of polymorph (2)
Scrolls
 c - 5 scrolls of identify {@r1}
 i - 7 scrolls of teleportation {@r2}
 w - a scroll of amnesia
 y - 2 scrolls of brand weapon
 A - a scroll of enchant armour
 E - a scroll of fog
Potions
 b - 4 potions of might
 f - 2 potions of mutation
 g - 5 potions of attraction
 h - 3 potions of flight
 n - 3 potions of lignification
 r - a potion of ambrosia
 t - 2 potions of brilliance
 u - a potion of curing {@q1}
 B - 3 potions of invisibility
 C - 2 potions of cancellation

Dungeon Overview and Level Annotations

Branches:
Dungeon (10/15)            Temple (1/1) D:7         Ossuary (visited)
   Lair: D:8-11         Orc: D:9-12

Altars:
Ashenzari
Cheibriados
Dithmenos
Fedhas
Gozag
Hepliaklqana
Kikubaaqudgha
Makhleb
Nemelex Xobeh
Okawaru
Qazlal
Sif Muna
Trog
Vehumet
Wu Jian
Xom

Annotations:
D:4 3 runed translucent doors, demibob's ghost, novice KoBe

#... #. #....# #.. #.##....#
#...# ..### .......# #...#
..#.. ......# #.#.#
.#.#.########....# #.#.#
▒.▒.#.....9.#....# #.#.#
...▒....###@#....####.#.#
≈≈..#...# #.####'#....#.#
≈≈.▒....# #........#....####
≈≈..#...###...###...........
§≈.▒..........# #........#..
§≈§.#.........###........#..
≈§§▒........................
≈...##.#####################
.▒.▒ #.


You could see a molten gargoyle.


Message History

The molten gargoyle blasts magma at you!
The bolt of magma hits you!
Your icy defences dissipate!
You barely miss the molten gargoyle. You sock the molten gargoyle!
The molten gargoyle shudders.
The molten gargoyle is moderately damaged. x2
The molten gargoyle blasts magma at you!
The bolt of magma hits you!!
You hit the molten gargoyle but do no damage.
You tail-slap the molten gargoyle.
The molten gargoyle is heavily damaged.
The molten gargoyle hits you with a +0 dire flail!
* * * LOW HITPOINT WARNING * * *
You are engulfed in flames!
* * * LOW HITPOINT WARNING * * *
You are too injured to fight recklessly!
You closely miss the molten gargoyle.
The molten gargoyle is heavily damaged.
You hit the molten gargoyle.
The molten gargoyle shudders.
The molten gargoyle is severely damaged.
The molten gargoyle hits you with a +0 dire flail!
* * * LOW HITPOINT WARNING * * *
You are engulfed in flames!
* * * LOW HITPOINT WARNING * * *
Okay, then.
Okay, then.
You feel better.
The molten gargoyle blasts magma at you!
The bolt of magma hits you!
You die...

Skill      XL: |  1  2  3  4  5  6  7  8  9 10 11 |
---------------+----------------------------------+-----
Staves         | 3 4 5 6 |  6.6
Maces & Flails | 2 6 8 11 13 | 13.3
Armour         | 3 5 |  5.3
Fighting       | 4 6 |  6.3
Throwing       | |  1.7
Dodging        | |  2.6

Action                     |  1- 3 |  4- 6 |  7- 9 | 10-12 || total
---------------------------+-------+-------+-------+-------++-------
  Melee: Quarterstaff      |    73 |   116 |       |       ||   189
         Shillelagh        |       |     8 |   129 |   283 ||   420
         Tailslap          |       |       |    12 |    52 ||    64
         Punch             |       |       |     1 |     5 ||     6
  Evoke: Wand              |       |       |     1 |       ||     1
    Use: Scroll            |     6 |     5 |     1 |    12 ||    24
         Potion            |       |     3 |     1 |     8 ||    12
 Armour: Leather armour    |     6 |       |       |       ||     6
         Scale mail        |    20 |    48 |    43 |    58 ||   169
  Dodge: Dodged            |    40 |    44 |    36 |    76 ||   196
         Repelled          |       |       |       |     1 ||     1
  Block: Other             |     3 |    16 |    10 |    19 ||    48

Levels and vault maps discovered:
D:1:      eino_arrival_cavern_d, layout_loops_ring
D:2:      layout_loops_corners, basic_altar, corexii_corridor_pit
D:3:      layout_basic, lemuel_doored_altar, ebering_ghost_gozag
D:4:      layout_cave_pods, gammafunk_ghost_necromancy,
          dilly_guarded_unrand_devastator
D:5:      kb_forest_paths, layout_basic, uniq_edmund, uniq_duvessa,
          uniq_prince_ribbit1, uniq_ijyb, uniq_pikel
D:6:      nicolae_cairo_tiling_very_big, layout_loops_ring,
          riverfiend_overflow_shadow_ancestor, serial_co_window_serial,
          co_window_corner_a, co_window_of_opportunity_a,
          co_window_of_opportunity_a, co_window_paths_a, co_window_corner_a,
          co_window_paths_b, co_window_corner_cb, co_window_corner_ca,
          glass_columns_b, minmay_alternating_orb
D:7:      layout_rooms, minmay_temple_entry_glass, enter_ossuary_1, uniq_maggie
D:8:      layout_cave_pools, minitemple, serial_rivers,
          chequers_serial_rivers_room_b, chequers_serial_rivers_small_3,
          chequers_serial_rivers_room_a, chequers_serial_rivers_micro_d,
          chequers_serial_rivers_micro_e, uniq_psyche
D:9:      layout_basic, minmay_fractal_squares_gapless_7
D:10:     cheibrodos_fzero, layout_stronghold, eat_drink_and_be_merry_uskayaw,
          serial_shops, shop, minivault_8
Temple:   eino_temple_lava

Notes
Turn   | Place    | Note
-------+----------+-------------------------------------------
     0 | D:1      | demibob the Demonspawn Gladiator began the quest for the
                  | Orb.
     0 | D:1      | Reached XP level 1. HP: 16/16 MP: 1/1
   147 | D:1      | Reached skill level 3 in Staves
   384 | D:1      | Gained mutation: You may rarely emit foul miasma when
                  | damaged in melee. [demonic ancestry]
   384 | D:1      | Reached XP level 2. HP: 20/22 MP: 2/2
   883 | D:2      | Gained mutation: A meltable shield of frost defends you.
                  | (SH +0) [demonic ancestry]
   883 | D:2      | Reached XP level 3. HP: 27/27 MP: 3/3
   883 | D:2      | Found a blossoming altar of Fedhas.
   890 | D:2      | Reached skill level 4 in Staves
  1760 | D:3      | Reached XP level 4. HP: 32/33 MP: 4/4
  1908 | D:3      | Found a runed translucent gate.
  1908 | D:3      | Found a runed translucent gate.
  1908 | D:3      | Found a runed translucent gate.
  1909 | D:3      | Found an opulent altar of Gozag.
  1911 | D:3      | Noticed Strat's ghost (weakling DsRe)
  1943 | D:3      | Reached skill level 5 in Staves
  2188 | D:3      | You feel monstrous as your demonic heritage exerts itself.
  2188 | D:3      | Discovered your monstrous ancestry.
  2188 | D:3      | Gained mutation: You have a pair of small antennae on your
                  | head. [demonic ancestry]
  2188 | D:3      | Reached XP level 5. HP: 38/38 MP: 5/5
  2790 | D:3      | Killed Strat's ghost
  2882 | D:4      | Reached skill level 6 in Staves
  2882 | D:4      | Gained mutation: You have a pair of antennae on your head.
                  | [demonic ancestry]
  2882 | D:4      | Reached XP level 6. HP: 44/44 MP: 6/6
  3045 | D:4      | Identified the +1 short sword of the Open Hand {holy, rN++
                  | Dex+4}
  3135 | D:4      | Found the +6 shillelagh "Devastator" {shatter}
  3173 | D:4      | Reached skill level 1 in Maces & Flails
  3213 | D:4      | Reached skill level 2 in Maces & Flails
  3213 | D:4      | Gained mutation: You have a small tail. [demonic ancestry]
  3213 | D:4      | Reached XP level 7. HP: 49/50 MP: 7/7
  3214 | D:4      | Reached skill level 3 in Maces & Flails
  3337 | D:4      | Found a runed translucent gate.
  3337 | D:4      | Found a runed translucent gate.
  3338 | D:4      | Found a runed translucent gate.
  3340 | D:4      | Noticed demibob's ghost (novice KoBe)
  3723 | D:5      | Entered Level 5 of the Dungeon
  3729 | D:4      | Reached skill level 4 in Maces & Flails
  3731 | D:5      | Noticed Ijyb
  3879 | D:5      | Noticed Duvessa
  3879 | D:5      | Noticed Dowan
  3899 | D:5      | Noticed Prince Ribbit
  3899 | D:5      | Noticed Pikel
  3909 | D:5      | Killed Pikel
  3910 | D:5      | Reached skill level 6 in Maces & Flails
  3910 | D:5      | Reached XP level 8. HP: 41/56 MP: 8/8
  3912 | D:5      | Killed Prince Ribbit
  3913 | D:5      | Reached skill level 7 in Maces & Flails
  4195 | D:5      | Reached skill level 8 in Maces & Flails
  4323 | D:5      | Noticed Edmund
  4335 | D:5      | Killed Edmund
  4398 | D:5      | Gained mutation: You have a tail ending in a sharp stinger.
                  | [demonic ancestry]
  4398 | D:5      | Reached XP level 9. HP: 61/61 MP: 9/9
  4408 | D:5      | Paralysed by Ijyb for 4 turns
  4418 | D:5      | Killed Ijyb
  4439 | D:5      | Reached skill level 9 in Maces & Flails
  4535 | D:5      | Killed Duvessa
  4535 | D:5      | Killed Dowan
  5148 | D:6      | Reached skill level 10 in Maces & Flails
  5172 | D:6      | Reached skill level 11 in Maces & Flails
  5781 | D:6      | Reached XP level 10. HP: 66/67 MP: 10/10
  5944 | D:6      | Found a hazy altar of Hepliaklqana.
  5945 | D:6      | Found a shadowy altar of Dithmenos.
  6342 | D:7      | Noticed Maggie
  6354 | D:7      | Reached skill level 12 in Maces & Flails
  6359 | D:7      | Killed Maggie
  6369 | D:7      | Found a sand-covered staircase.
  6378 | Ossuary  | Entered an ossuary
  6975 | Ossuary  | Reached skill level 13 in Maces & Flails
  7187 | D:7      | Found a staircase to the Ecumenical Temple.
  7200 | Temple   | Entered the Ecumenical Temple
  7259 | Temple   | Became a worshipper of Makhleb the Destroyer
  7691 | D:8      | Reached skill level 1 in Armour
  7742 | D:8      | Found an ornate altar of the Wu Jian Council.
  7758 | D:8      | Found an opulent altar of Gozag.
  7761 | D:8      | Found an iron altar of Okawaru.
  7762 | D:8      | Found a bloodstained altar of Trog.
  7837 | D:8      | Noticed Psyche
  7842 | D:8      | Killed Psyche
  7843 | D:8      | Reached skill level 3 in Fighting
  7843 | D:8      | Reached skill level 2 in Armour
  8065 | D:8      | Reached skill level 4 in Fighting
  8065 | D:8      | Reached skill level 3 in Armour
  8079 | D:8      | Reached * piety under Makhleb
  8080 | D:8      | Gained mutation: A meltable icy envelope protects you from
                  | harm. (AC +0) [demonic ancestry]
  8080 | D:8      | Reached XP level 11. HP: 45/77 MP: 11/11
  8659 | D:9      | Reached skill level 5 in Fighting
  8659 | D:9      | Reached skill level 4 in Armour
  8764 | D:9      | HP: 2/80 [tengu conjurer/bolt of lightning (33)]
  8920 | D:9      | Reached skill level 6 in Fighting
  8920 | D:9      | Reached skill level 5 in Armour
  8929 | D:9      | Reached ** piety under Makhleb
  9560 | D:10     | Entered Level 10 of the Dungeon
  9646 | D:10     | HP: 6/81 [molten gargoyle/+0 dire flail (7)]
  9647 | D:10     | Killed from afar by a molten gargoyle

Vanquished Creatures
  Pikel (D:5)
  A cyclops (D:9)
  Maggie (D:7)
  Psyche (D:8)
  A tengu conjurer (D:9)
  An efreet (D:9)
  A wind drake (shapeshifter) (D:9)
  Prince Ribbit (D:5)
  2 wraiths
  A jumping spider (shapeshifter) (D:9)
  13 yaks
  Edmund (D:5)
  An acid dragon (D:8)
  4 water moccasins (D:6)
  Duvessa (D:5)
  4 ice beasts
  A sky beast (D:8)
  5 orc warriors
  2 hornet zombies (Ossuary)
  4 ogres
  A black bear (D:5)
  A centaur (D:8)
  2 lemures (D:5)
  2 phantoms (D:5)
  4 kobold brigands
  5 scorpions
  4 necrophages
  2 gnoll sergeants
  2 wyvern zombies (Ossuary)
  2 water moccasin zombies (Ossuary)
  8 wights
  Dowan (D:5)
  The ghost of Strat the Cudgeller, a weakling DsRe (D:3)
  5 howler monkeys
  2 bullfrog zombies (Ossuary)
  7 centaur zombies (Ossuary)
  8 hounds
  2 jellies
  A gnoll bouda (D:9)
  10 orc priests
  4 iguanas
  11 orc wizards
  Ijyb (D:5)
  3 killer bee zombies (Ossuary)
  6 howler monkey zombies (Ossuary)
  8 mummies (Ossuary)
  6 gnolls
  10 adders
  A shadow imp (D:3)
  2 white imps (D:6)
  A worm (D:2)
  A dart slug (D:4)
  31 orcs
  4 bats
  3 endoplasms
  3 giant cockroaches
  6 goblins
  6 hobgoblins
  A quokka (D:4)
  4 ball pythons
  3 frilled lizards (D:2)
  15 kobolds
  3 rats
250 creatures vanquished.

Vanquished Creatures (others)
  7 withered plants (Ossuary)
7 creatures vanquished.

Grand Total: 257 creatures vanquished

Table legend: (Time is in decaauts)
 A = Elapsed time spent in this place.
 B = Non-inter-level travel time spent in this place.
 C = Inter-level travel time spent in this place.
 D = Time resting spent in this place.
 E = Time spent auto-exploring this place.
 F = Levels seen in this place.
 G = Mean time per level.
                   A        B        C        D        E       F      G
               +--------+--------+--------+--------+--------+-----+--------+
         Total |   9559 |   9177 |    382 |    784 |   6897 |  12 |  796.6 |
       Dungeon |   8885 |   8512 |    373 |    675 |   6513 |  10 |  888.5 |
        Temple |     68 |     59 |      9 |      0 |     48 |   1 |   68.0 |
       Ossuary |    605 |    605 |      0 |    109 |    335 |   1 |  605.0 |
               +--------+--------+--------+--------+--------+-----+--------+

Top non-repeatable levels by time:
     D:6: 1227 daAuts
     D:5: 1179 daAuts
     D:3: 1177 daAuts
     D:4: 1014 daAuts
     D:8: 1004 daAuts
     D:9: 939 daAuts
     D:2: 866 daAuts
     D:1: 836 daAuts
 Ossuary: 605 daAuts
     D:7: 555 daAuts
    D:10: 83 daAuts
  Temple: 68 daAuts

Table legend:
 A = Non-vault XP
 B = Vault XP
 C = Vault XP percentage of total XP
 D = Non-vault monster count
 E = Vault monster count
 F = Vault count percentage of total count
                 A         B        C        D         E       F
            +---------+---------+-------+---------+---------+-------
      Total |    7946 |    7528 |  48.6 |     170 |      78 |  31.5
            +---------+---------+-------+---------+---------+-------
        D:1 |      31 |       0 |   0.0 |      11 |       0 |   0.0
        D:2 |      61 |       0 |   0.0 |      14 |       0 |   0.0
        D:3 |     139 |      88 |  38.8 |      18 |       6 |  25.0
        D:4 |     439 |     239 |  35.3 |      15 |       2 |  11.8
        D:5 |     624 |    1709 |  73.3 |      12 |      12 |  50.0
        D:6 |    1224 |    1242 |  50.4 |      27 |      15 |  35.7
        D:7 |    1268 |     389 |  23.5 |      31 |       1 |   3.1
        D:8 |    1948 |     371 |  16.0 |      25 |       1 |   3.8
        D:9 |    2212 |    2143 |  49.2 |      17 |       9 |  34.6
    Ossuary |       0 |    1347 | 100.0 |       0 |      32 | 100.0
            +---------+---------+-------+---------+---------+-------
